 Dungeon Crawl Stone Soup version 0.29-a0-275-g389c0b56f3 (webtiles) character file.

Game seed: 14165739066391785448

4636 Dabor the Cleaver (level 10, -2/130 HPs)
             Began as a Palentonga Berserker on Mar 12, 2022.
             Was a High Priest of Trog.
             Succumbed to a hornet's poison
             ... on level 9 of the Dungeon.
             The game lasted 00:16:19 (6958 turns).

Dabor the Cleaver (Palentonga Berserker)            Turns: 6958, Time: 00:16:20

Health: -2/130     AC: 12    Str: 24    XL:     10   Next: 20%
Magic:  0/10       EV:  9    Int: 11    God:    Trog [*****.]
Gold:   235        SH:  7    Dex: 10    Spells: 9/9 levels left

rFire   . . .      SeeInvis +   p - +5 hand axe of Fatigue {vorpal, Will+ Int+3}
rCold   . . .      Faith    .   P - +0 kite shield
rNeg    . . .      Spirit   +   M - +3 leather armour {rPois}
rPois   +          Reflect  .   s - +0 helmet
rElec   .          Harm     .   y - +0 cloak
rCorr   .          Rampage  .   a - +1 Delatra's gloves {ID++}
Will    ++...                   (no barding)
Stlth   ..........              g - amulet of guardian spirit
HPRegen 0.31/turn               v - ring of poison resistance
MPRegen 0.12/turn               H - ring of willpower

@: berserking (expiring), lethally poisoned (-2 -> -17), slowed
A: large, rugged brown scales 3, see invisible, deformed body, roll 1, armoured
tail, reflexive curl
a: Rolling Charge, Renounce Religion, Berserk, Trog's Hand, Brothers in Arms


You were on level 9 of the Dungeon.
You worshipped Trog.
Trog was extremely pleased with you.
You visited 1 branch of the dungeon, and saw 9 of its levels.
You also visited: Sewer and Ossuary.

You collected 357 gold pieces.
You spent 122 gold pieces at shops.

Inventory:

Hand Weapons
 p - the +5 hand axe of Fatigue (weapon) {vorpal, Will+ Int+3}
   (You found it on level 2 of the Dungeon)

   It inflicts extra damage upon your enemies.
   Int:       It affects your intelligence (+3).
   Will:      It increases your willpower.
 r - a +3 spear
Missiles
 e - 4 javelins
 f - 6 poisoned darts
 w - a throwing net
 F - 9 boomerangs
Armour
 a - the +1 Delatra's gloves (worn) {ID++}
   (You found it on level 4 of the Dungeon)

   It heals its wearer when they drink unknown potions.
   It restores its wearer's MP when they read unknown scrolls.
 s - a +0 helmet (worn)
 y - a +0 cloak (worn)
 D - the +1 leather armour "Zoffe" {rC+}
   (You found it on level 3 of the Dungeon)

   rC:        It protects you from cold.
 M - a +3 leather armour of poison resistance (worn)
 P - a +0 kite shield (worn)
Jewellery
 g - an amulet of guardian spirit (around neck)
 v - a ring of poison resistance (left hand)
 G - a ring of resist corrosion
 H - a ring of willpower (right hand)
Wands
 k - a wand of polymorph (11)
 n - a wand of flame (25)
 K - a wand of iceblast (7)
 L - a wand of paralysis (9)
Scrolls
 c - 2 scrolls of teleportation
 i - a scroll of summoning
 j - 2 scrolls of fog
 m - 2 scrolls of enchant armour
 o - a scroll of magic mapping
 q - a scroll of silence {unknown}
 u - 2 scrolls of fear
 E - 2 scrolls of blinking
 N - a scroll of enchant weapon {unknown}
 O - a scroll of acquirement {unknown}
 Q - a scroll of identify
Potions
 b - 3 potions of degeneration {unknown}
 d - 3 potions of cancellation
 h - 3 potions of flight
 l - a potion of resistance {unknown}
 t - 2 potions of haste
 x - a potion of magic {unknown}
 z - 9 potions of heal wounds {unknown}
 A - 2 potions of mutation {unknown}
 B - a potion of invisibility {unknown}
 C - 9 potions of curing {unknown}
 I - 3 potions of might {unknown}
 J - 2 potions of brilliance {unknown}


   Skills:
 * Level 8.9 Fighting
 * Level 8.9 Axes
 - Level 1.5 Throwing
 + Level 5.1 Armour
 + Level 5.1 Dodging
 + Level 2.4 Shields


You had 9 spell levels left.
You didn't know any spells.
Your spell library was empty.

Dungeon Overview and Level Annotations

Branches:
Dungeon (8/15)             Temple (0/1) D:7           Sewer (visited)
Ossuary (visited)
   Lair: D:8-11

Altars:

Shops:
D:3 *   D:9 [


Innate Abilities, Weirdness & Mutations

You are completely covered in rugged brown scales. (AC +3, +7% HP)
You have supernaturally acute eyesight. (SInv)
Armour fits poorly on your strangely shaped body.
You can roll at nearby foes to attack.
You have a long armoured tail.
You curl defensively after being hit. (AC +7*)


Message History

The hornet is heavily wounded.
You slash the yak!
You slash the slime creature! x2; The hornet stings you!
* * * LOW HITPOINT WARNING * * *
You are poisoned.
You feel yourself slow down. You block the slime creature's attack.
The yak gores you but does no damage. The slime creature hits you!
* * * LOW HITPOINT WARNING * * *
You are too berserk!
You hit the hornet but do no damage.
The hornet is heavily wounded.
You slash the yak!
You kill the yak!
Trog accepts your kill.
You hit the slime creature. You barely miss the slime creature.
You feel very sick. You block the hornet's attack. The slime creature hits you!
* * * LOW HITPOINT WARNING * * *
The slime creature hits you but does no damage.
The bullfrog hits you but does no damage.
The hornet barely misses you.
You slash the hornet!
The hornet is almost dead.
You closely miss the bullfrog. You hit the slime creature.
You slash the slime creature! x2
* * * LOW HITPOINT WARNING * * *
You feel very sick.
The bullfrog hits you but does no damage.
The hornet stings you.
* * * LOW HITPOINT WARNING * * *
You are more poisoned.
The slime creature hits you.
* * * LOW HITPOINT WARNING * * *
You block the slime creature's attack. The slime creature closely misses you.
You slash the hornet!
You feel the power of Trog in you as your rage grows.
You kill the hornet!
Trog accepts your kill.
You slash the bullfrog! You slash the slime creature!
You hit the slime creature. You slash the slime creature!
You die...

.........#
..........# ..
..........#####..
#................
#................
#......>..[......
#........).......
####.......J)†......
...........J@#####.
"..........JF#
.............#
.....#####....# ....
#.!.... . #......$
#........ #......∩.
.


You could see 3 slime creatures and a bullfrog.

Vanquished Creatures
  A troll (D:7)
  A hornet (D:9)
  2 slime creatures (D:9)
  9 yaks
  A shadow (D:6)
  A wraith (D:9)
  Duvessa (D:7)
  3 orc warriors
  A sky beast (D:7)
  An ice beast (D:5)
  2 ogres
  A centaur (D:7)
  A phantom (D:5)
  2 elf zombies (Ossuary)
  A kobold brigand (D:8)
  3 bullfrogs
  2 scorpions (D:5)
  Dowan (D:7)
  5 killer bees (D:7)
  A howler monkey (D:6)
  2 centaur zombies (Ossuary)
  4 hounds
  A human zombie (Ossuary)
  An orc priest (D:4)
  Crazy Yiuf (D:5)
  2 iguanas (D:6)
  3 orc wizards
  2 mummies (Ossuary)
  Robin (D:2)
  6 adders
  5 river rats (Sewer)
  2 shadow imps
  5 worms
  2 dart slugs (D:3)
  19 orcs
  9 ball pythons
  8 endoplasms
  3 giant cockroaches
  12 goblins
  18 hobgoblins
  3 jackals (D:3)
  5 quokkas
  4 bats
  A frilled lizard (D:2)
  2 goblin zombies (Ossuary)
  8 hobgoblin zombies (Ossuary)
  A jackal zombie (Ossuary)
  22 kobolds
  11 kobold zombies (Ossuary)
  9 orc zombies (Ossuary)
  25 rats
  A rat zombie (Ossuary)
238 creatures vanquished.

Vanquished Creatures (collateral kills)
  A bat (D:2)
1 creature vanquished.

Vanquished Creatures (others)
  A goblin (D:2)
  4 fungi (D:5)
5 creatures vanquished.

Grand Total: 244 creatures vanquished

Notes
Turn   | Place    | Note
-------+----------+-------------------------------------------
     0 | D:1      | Dabor the Palentonga Berserker began the quest for the Orb.
     0 | D:1      | Reached XP level 1. HP: 19/19 MP: 1/1
    17 | D:1      | Found a faded altar of an unknown god.
   186 | D:1      | Found Puxuz's Weapon Boutique.
   212 | D:1      | Reached XP level 2. HP: 23/25 MP: 2/2
   660 | D:2      | Reached ** piety under Trog
   664 | D:2      | Reached XP level 3. HP: 28/31 MP: 1/3
   665 | D:2      | Noticed Robin
   678 | D:2      | Killed Robin
   679 | D:2      | HP: 2/46 [hobgoblin[Robin] (3)]
  1388 | D:2      | Identified the +5 hand axe of Fatigue {vorpal, Will+ Int+3}
  1802 | D:3      | Reached XP level 4. HP: 37/37 MP: 4/4
  1845 | D:3      | Found Zuivuih's Assorted Antiques.
  1850 | D:3      | Bought a scroll labelled BOVUIJ BOO for 25 gold pieces
  1850 | D:3      | Bought a scroll labelled LIWIGO MA YBBI for 25 gold pieces
  2085 | D:3      | Found a glowing drain.
  2094 | Sewer    | Entered a sewer
  2109 | Sewer    | Reached *** piety under Trog
  2115 | Sewer    | Reached skill level 1 in Throwing
  2124 | Sewer    | Reached XP level 5. HP: 44/44 MP: 3/5
  2431 | Sewer    | Reached **** piety under Trog
  3178 | D:3      | Identified the +1 leather armour "Zoffe" {rC+}
  3261 | D:3      | Bought a scroll labelled VEFODD FAB ASTRAN for 25 gold
                  | pieces
  3261 | D:3      | Bought a purple potion for 22 gold pieces
  3261 | D:3      | Bought a scroll labelled OTEIROBONIRPH for 25 gold pieces
  3337 | D:4      | Noticed an ogre
  3345 | D:4      | Killed an ogre
  3346 | D:4      | Reached XP level 6. HP: 52/52 MP: 6/6
  3528 | D:4      | Found a sand-covered staircase.
  3532 | Ossuary  | Entered an ossuary
  3576 | Ossuary  | Reached ***** piety under Trog
  3602 | Ossuary  | Reached skill level 5 in Fighting
  3602 | Ossuary  | Reached skill level 5 in Axes
  3602 | Ossuary  | Gained mutation: You curl defensively after being hit. (AC
                  | +7*) [Palentonga growth]
  3602 | Ossuary  | Reached XP level 7. HP: 59/59 MP: 4/7
  3816 | D:4      | Received a gift from Trog
  3820 | D:4      | Found the +1 Delatra's gloves {ID++}
  4511 | D:5      | Entered Level 5 of the Dungeon
  4668 | D:5      | Reached XP level 8. HP: 68/68 MP: 8/8
  5076 | D:5      | Found a runed translucent door.
  5077 | D:5      | Noticed Crazy Yiuf
  5082 | D:5      | Killed Crazy Yiuf
  5849 | D:7      | Noticed Dowan
  5850 | D:7      | Noticed Duvessa
  5856 | D:7      | Killed Dowan
  5857 | D:7      | Reached XP level 9. HP: 77/77 MP: 5/9
  5857 | D:7      | Killed Duvessa
  5938 | D:7      | Noticed a troll
  5943 | D:7      | Killed a troll
  6091 | D:7      | Found a staircase to the Ecumenical Temple.
  6779 | D:7      | Reached skill level 1 in Shields
  6928 | D:8      | You fall into a shaft and drop 1 floor!
  6930 | D:9      | Found Oheamiet's Armour Shop.
  6950 | D:9      | Reached skill level 5 in Dodging
  6950 | D:9      | Reached XP level 10. HP: 87/87 MP: 7/10
  6952 | D:9      | Reached skill level 5 in Armour
  6952 | D:9      | Paralysed by a hornet for 2 turns
  6957 | D:9      | HP: 3/130 [hornet (6)]
  6958 | D:9      | Succumbed to a hornet's poison

Illustrated notes

Levels and vault maps discovered:
D:1:      heliophobic_arrival_enchanted_forest, layout_rooms,
          ebering_ecumenical_altar_petrified, serial_shops,
          nicolae_shop_bloodbath_and_beyond, grunt_decor_arrowhead
D:2:      layout_basic, mrwooster_statue_mirror, uniq_robin
D:3:      layout_basic, serial_shops, nicolae_shop_trees,
          cheibrodos_sewer_entry_sluice
D:4:      layout_loops_ring, enter_ossuary_5, pf_guarded_unrand_delatra
D:5:      layout_rooms, hangedman_decor_points, uniq_crazy_yiuf_cottage
D:6:      layout_loops_ring
D:7:      layout_basic, minmay_temple_entry_slanted, serial_bayou_pond_e,
          uniq_duvessa
D:8:      layout_basic, serial_glass, glass_columns_c, glass_columns_a,
          kennysheep_generic_room_15
D:9:      layout_big_octagon, orc_david_3, dk_noncrumbling_3,
          uniq_prince_ribbit1

Skill      XL: |  1  2  3  4  5  6  7  8  9 10 |
---------------+-------------------------------+-----
Armour         | 2 3 4 5 |  5.1
Dodging        | 2 3 4 5 |  5.1
Throwing       | 1 |  1.5
Axes           | 4 5 6 7 8 |  8.9
Fighting       | 4 5 7 8 |  8.9
Shields        | 2 |  2.4

Action                   |  1- 3 |  4- 6 |  7- 9 | 10-12 || total
-------------------------+-------+-------+-------+-------++-------
Melee: Hand axe          |    91 |   148 |   210 |     7 ||   456
       Tailslap          |     8 |    12 |    28 |       ||    48
       Punch             |       |     2 |     1 |       ||     3
Invok: Berserk           |     1 |     3 |     5 |       ||     9
 Abil: Rolling Charge    |       |    21 |     5 |       ||    26
  Use: Potion            |     3 |       |       |       ||     3
       Scroll            |     2 |       |     8 |       ||    10
 Stab: Sleeping          |     1 |       |       |       ||     1
       Distracted        |     1 |       |       |       ||     1
Armor: Animal skin       |    43 |    25 |       |       ||    68
       Leather armour    |       |    29 |    68 |     7 ||   104
Dodge: Dodged            |    46 |    77 |    77 |     4 ||   204
Block: Kite shield       |       |       |    32 |     3 ||    35

Table legend: (Time is in decaauts)
 A = Elapsed time spent in this place.
 B = Non-inter-level travel time spent in this place.
 C = Inter-level travel time spent in this place.
 D = Time resting spent in this place.
 E = Time spent auto-exploring this place.
 F = Levels seen in this place.
 G = Mean time per level.
                   A        B        C        D        E       F      G
               +--------+--------+--------+--------+--------+-----+--------+
         Total |   7048 |   6533 |    515 |    335 |   4673 |  11 |  640.7 |
       Dungeon |   6123 |   5608 |    515 |    335 |   4038 |   9 |  680.3 |
         Sewer |    668 |    668 |      0 |      0 |    496 |   1 |  668.0 |
       Ossuary |    256 |    256 |      0 |      0 |    138 |   1 |  256.0 |
               +--------+--------+--------+--------+--------+-----+--------+

Top non-repeatable levels by time:
     D:2: 1028 daAuts
     D:4: 990 daAuts
     D:7: 979 daAuts
     D:3: 884 daAuts
     D:1: 748 daAuts
     D:6: 721 daAuts
   Sewer: 668 daAuts
     D:5: 610 daAuts
 Ossuary: 256 daAuts
     D:8: 138 daAuts
     D:9: 23 daAuts
